 Dungeon Crawl Stone Soup version 0.29.1-15-g9cfb28693d (webtiles) character file.

Game seed: 6856368577104068519

118 DemonSlayer the Magician (level 4, -1/31 HPs)
             Began as a Demonspawn Earth Elementalist on Feb 27, 2023.
             Slain by an orc priest
             ... wielding a +1 morningstar of protection
              (4 damage)
             ... on level 3 of the Dungeon.
             The game lasted 00:04:53 (3584 turns).

DemonSlayer the Magician (DsEE)                     Turns: 3584, Time: 00:04:54

Health: -1/31      AC:  8    Str: 10    XL:     4   Next: 72%
Magic:  3/9        EV: 12    Int: 16    God:
Gold:   212        SH:  0    Dex: 14    Spells: 4/10 levels left

rFire   . . .      SeeInvis .   m - +0 spear (flame)
rCold   . . .      Faith    .   (no shield)
rNeg    . . .      Spirit   .   a - +1 robe
rPois   .          Reflect  .   c - +2 hat
rElec   .          Harm     .   (no cloak)
rCorr   .          Rampage  .   o - +0 pair of gloves
Will    .....                   (no boots)
Stlth   ++........              (no amulet)
HPRegen 0.10/turn               h - ring of wizardry
MPRegen 0.11/turn               (no ring)

@: no status effects
A: antennae 1, molten scales 1
a: no special abilities


You were on level 3 of the Dungeon.
You visited 1 branch of the dungeon, and saw 3 of its levels.

You collected 212 gold pieces.

Inventory:

Hand Weapons
 m - a +0 spear of flaming (weapon)
Armour
 a - a +1 robe (worn)
 c - a +2 hat (worn)
 o - a +0 pair of gloves (worn)
Jewellery
 h - a ring of wizardry (left hand)
 q - an amulet of the acrobat
Scrolls
 d - a scroll of poison
 g - 3 scrolls of fear
 n - 2 scrolls of identify {unknown}
 p - a scroll of torment {unknown}
Potions
 b - a potion of magic
 e - a potion of curing
 f - a potion of berserk rage {unknown}
 i - 2 potions of heal wounds {unknown}
 j - a potion of ambrosia {unknown}
 k - a potion of haste {unknown}
 l - a potion of might {unknown}


   Skills:
 + Level 0.5 Fighting
 + Level 2.0 Dodging
 + Level 1.9 Stealth
 + Level 0.4 Unarmed Combat
 + Level 3.8 Spellcasting
 + Level 0.8 Transmutations
 + Level 3.4 Earth Magic


You had 4 spell levels left.
You knew the following spells:

 Your Spells              Type           Power      Damage    Failure   Level
a - Sandblast             Erth           26%        2d8       1%          1
b - Passwall              Tmut/Erth      7%         N/A       4%          2
c - Stone Arrow           Conj/Erth      16%        3d8       11%         3

Your spell library contained the following spells:

 Spells                   Type           Power      Damage    Failure   Level
 Apportation              Tloc           6%         N/A       7%          1
 Necrotise                Necr           12%        1d4       7%          1
 Summon Small Mammal      Summ           12%        N/A       7%          1
 Petrify                  Tmut/Erth      9%         N/A       26%         4


Dungeon Overview and Level Annotations

Branches:
Dungeon (3/15)

Altars:


Innate Abilities, Weirdness & Mutations

You have a pair of small antennae on your head.
You are partially covered in molten scales. (AC +2)


Message History

The orc priest hits you with a +1 morningstar of protection.
The orc priest misses you.
The blast of sand hits the orc priest but does no damage.
An orc comes into view. It is wielding a +0 club.
The orc priest barely misses you.
The blast of sand misses the orc priest.
The blast of sand hits the orc.
The orc is moderately wounded.
The orc priest casts a cantrip, but nothing happens.
The orc hits you but does no damage.
The orc priest hits you with a +1 morningstar of protection.
The blast of sand hits the orc!
You kill the orc!
The orc priest hits you with a +1 morningstar of protection!
You are too injured to fight recklessly!
You are too injured to fight recklessly!
You are too injured to fight recklessly!
You are too injured to fight recklessly!
You hit the orc priest but do no damage.
You hit the orc. You burn the orc.
The orc is heavily wounded.
The orc priest mumbles some strange prayers to Beogh against you.
Beogh smites you!
* * * LOW HITPOINT WARNING * * *
It was a potion of curing.
You feel better. The orc misses you.
You start putting on your amulet.
You continue putting on your amulet of the acrobat.
The orc hits you with a +0 club.
Keep equipping yourself?
* * * LOW HITPOINT WARNING * * *
The orc priest hits you but does no damage.
You continue putting on your amulet of the acrobat.
The orc hits you with a +0 club.
* * * LOW HITPOINT WARNING * * *
The orc priest hits you with a +1 morningstar of protection.
* * * LOW HITPOINT WARNING * * *
You continue putting on your amulet of the acrobat.
The orc hits you but does no damage.
The orc priest hits you with a +1 morningstar of protection.
You die...

#.#.#######
######......
#.#........
.............
)<.........
#######.#'###
..#########
######### #†#.#
#.# ...
#.......# #.#.#
..# ....
#.......# #.#.#
..# .....
#.).....# #.#.#
..#
......#o.:....#
#.#.# ###
......o@......#
#.#.#
......).......#
#.#.##
##..........###
#....#
#..........#
###..#
#..........#
#..#
#..........#
#..#
#.........(#
#..##
#..........#
#....
#..........#
#.###


You could see an orc priest and an orc.

Vanquished Creatures
  Jessica (D:2)
  3 adders
  3 dart slugs
  4 orcs (D:3)
  3 ball pythons
  3 endoplasms (D:1)
  12 goblins
  3 hobgoblins (D:2)
  5 jackals (D:3)
  2 quokkas
  2 bats (D:1)
  4 frilled lizards
  4 kobolds
  5 rats
54 creatures vanquished.

Notes
Turn   | Place    | Note
-------+----------+-------------------------------------------
     0 | D:1      | DemonSlayer the Demonspawn Earth Elementalist began the
                  | quest for the Orb.
     0 | D:1      | Reached XP level 1. HP: 13/13 MP: 3/3
   362 | D:1      | Gained mutation: You are partially covered in molten
                  | scales. (AC +2) [demonic ancestry]
   362 | D:1      | Reached XP level 2. HP: 17/19 MP: 3/5
   946 | D:1      | Found a faded altar of an unknown god.
  1253 | D:1      | Learned a level 2 spell: Passwall
  1995 | D:2      | Gained mutation: You have a pair of small antennae on your
                  | head. [demonic ancestry]
  1995 | D:2      | Reached XP level 3. HP: 25/25 MP: 2/7
  2309 | D:2      | Noticed Jessica
  2312 | D:2      | Killed Jessica
  2313 | D:2      | Reached XP level 4. HP: 31/31 MP: 4/8
  2936 | D:3      | Learned a level 3 spell: Stone Arrow
  3584 | D:3      | Slain by an orc priest

Illustrated notes

Levels and vault maps discovered:
D:1:      dpeg_arrival_more_subterranean_lakeside_camping, layout_basic,
          dreamdust_ecumenical_altar_hidden_monk_grotto, minmay_bisected
D:2:      cheibrodos_greedy_goblins, layout_loops_corners, uniq_jessica
D:3:      layout_basic, chequers_temple_overflow_statue_of_worship,
          kennysheep_nondescript

Skill      XL: |  1  2  3  4 |
---------------+-------------+-----
Earth Magic    | 3 |  3.4
Spellcasting   | 3 |  3.8
Dodging        | 2 |  2.0
Fighting       | |  0.5
Stealth        | |  1.9
Unarmed Combat | |  0.4
Transmutations | |  0.8

Action                   |  1- 3 |  4- 6 || total
-------------------------+-------+-------++-------
Melee: Unarmed           |    32 |       ||    32
       Spear             |       |     6 ||     6
 Cast: Sandblast         |    42 |    34 ||    76
  Use: Scroll            |     2 |     3 ||     5
       Potion            |       |     1 ||     1
 Stab: Sleeping          |       |     1 ||     1
Armor: Robe              |    24 |     5 ||    29
Dodge: Dodged            |    41 |     8 ||    49
